Map: [ESL] Oceanborn

Players

Astrea

  • Race: Protoss Protoss
  • Spawn Location: 5:00

Scarlett - Winner!

  • Race: Zerg Zerg
  • Spawn Location: 11:00

Event: ESL SC2 Masters 2023 Winter (Regional)

VOD

Have the link to the VOD?

Description

Time

  • Played on: Nov. 12, 2023, 3:04 p.m.
  • Length: 9:45

All games in this series

Show
View Real Time Build Order
Export as new Build Order

Astrea Protoss 

Build Orders: 1 Gate Expand, Oracle Opening, Phoenix Opening 

Get SALT Encoding   

  12  0:00  Probe  
  13  0:12  Probe  
  14  0:16  Pylon  
  14  0:24  Probe (Chrono Boost)  
  15  0:36  Probe (Chrono Boost)  
  15  0:38  Gateway  
  16  0:43  Probe (Chrono Boost)  
  16  0:49  Assimilator  
  17  0:51  Probe  
  18  1:03  Probe  
  19  1:15  Probe  
  20  1:24  Nexus  
  20  1:27  Probe  
  21  1:36  Cybernetics Core  
  21  1:42  Assimilator  
  21  1:45  Probe  
  22  1:52  Pylon  
  22  1:57  Probe  
  23  2:07  Probe  
  23  2:09  Adept (Chrono Boost)  
  23  2:15  Probe  
  26  2:20  Stargate  
  27  2:25  Probe (Chrono Boost)  
  27  2:29  Warp Gate  
  28  2:33  Adept  
  28  2:36  Probe (Chrono Boost)  
  32  2:43  Probe (Chrono Boost)  
  32  2:45  Probe (Chrono Boost)  
  32  2:50  Probe x2 (Chrono Boost)  
  35  3:01  Oracle (Chrono Boost), Probe  
  35  3:02  Probe  
  40  3:05  Pylon  
  40  3:13  Probe  
  40  3:14  Probe  
  40  3:17  Gateway  
  42  3:25  Probe  
  42  3:26  Probe  
  44  3:33  Phoenix (Chrono Boost)  
  46  3:37  Probe  
  46  3:39  Probe  
  47  3:49  Probe  
  47  3:51  Assimilator, Probe  
  47  3:52  Pylon  
  47  3:54  Nexus  
  49  4:01  Probe  
  50  4:03  Twilight Council  
  50  4:04  Probe  
  51  4:10  Gateway  
  51  4:13  Gateway, Probe  
  51  4:16  Probe  
  53  4:19  Pylon  
  53  4:26  Probe  
  53  4:27  Stalker  
  53  4:29  Probe  
  53  4:30  Blink (Chrono Boost), Stalker  
  59  4:35  Pylon  
  59  4:42  Probe  
  59  4:43  Probe  
  61  4:52  Stalker  
  63  4:54  Probe  
  63  4:55  Probe, Stalker  
  67  5:04  Shield Battery  
  67  5:05  Stalker  
  67  5:07  Probe x2  
  70  5:08  Probe  
  70  5:12  Stalker  
  74  5:15  Stalker  
  74  5:18  Stalker  
  74  5:19  Probe x2  
  80  5:22  Oracle  
  80  5:24  Probe  
  84  5:31  Stalker, Probe  
  84  5:32  Pylon, Probe  
  88  5:39  Stalker x2  
  88  5:40  Probe  
  93  5:48  Pylon  
  93  5:50  Probe x2, Forge  
  93  5:53  Stalker  
  97  6:01  Probe  
  97  6:03  Probe  
  97  6:06  Stalker x3  
  97  6:07  Probe  
  96  6:13  Probe  
  96  6:15  Probe  
  96  6:18  Assimilator  
  98  6:19  Probe  
  98  6:22  Stalker  
  98  6:25  Probe  
  102  6:26  Pylon  
  102  6:27  Protoss Ground Weapons Level 1 (Chrono Boost)  
  102  6:28  Nexus  
  102  6:30  Assimilator, Probe  
  103  6:33  Assimilator  
  103  6:35  Probe, Pylon  
  103  6:39  Charge, Probe  
  105  6:44  Probe  
  106  6:51  Probe  
  106  6:52  Probe  
  108  6:56  Templar Archives  
  108  6:59  Gateway x2, Probe  
  109  7:03  Gateway, Probe  
  109  7:04  Photon Cannon  
  109  7:07  Probe  
  111  7:08  Pylon  
  111  7:10  Gateway  
  111  7:11  Shield Battery  
  111  7:12  Shield Battery, Probe  
  111  7:15  Pylon  
  112  7:17  Psionic Storm, Probe  
  113  7:24  Probe  
  113  7:26  Zealot x4  
  122  7:30  Probe  
  122  7:31  Photon Cannon  
  122  7:32  Shield Battery  
  122  7:33  Probe  
  122  7:36  Probe  
  125  7:41  Probe  
  125  7:42  Probe  
  127  7:45  Assimilator  
  127  7:47  High Templar x2, Assimilator  
  127  7:48  High Templar x2  
  127  7:50  Photon Cannon  
  135  7:53  Probe x3  
  135  7:56  Robotics Facility  
  138  8:06  Zealot x4  
  138  8:11  Forge  
  146  8:13  Pylon  
  146  8:15  Pylon  
  146  8:17  Pylon  
  146  8:20  Zealot x4  
  154  8:32  Pylon x2  
  154  8:35  Zealot x4  
  154  8:37  Gateway  
  154  8:38  Gateway  
  154  8:40  Zealot x3  
  168  8:44  Observer (Chrono Boost)  
  161  8:50  Zealot  
  153  8:57  Stalker x4  
  145  9:04  Zealot x3  
  133  9:15  Zealot  
  133  9:16  Probe x2 (Chrono Boost)  
  110  9:20  Probe x2 (Chrono Boost)  
  110  9:22  Zealot x3  
  103  9:26  Zealot  
  103  9:27  Probe (Chrono Boost)  
  103  9:28  Probe (Chrono Boost)  
  103  9:29  Probe x2 (Chrono Boost)  
  99  9:32  Probe x2 (Chrono Boost)  
  99  9:36  Archon  
  99  9:38  Zealot x3  
Show
View Real Time Build Order
Export as new Build Order

Scarlett Zerg - Winner!

Build Orders: Hatch First 

Get SALT Encoding   

  12  0:00  Drone  
  13  0:12  Overlord  
  13  0:17  Drone  
  14  0:30  Drone  
  14  0:31  Drone  
  16  0:41  Drone  
  17  0:51  Hatchery  
  17  0:55  Drone  
  17  0:57  Drone  
  18  1:09  Extractor  
  17  1:13  Spawning Pool  
  17  1:15  Drone  
  17  1:19  Drone  
  18  1:27  Drone  
  19  1:39  Drone  
  20  1:49  Overlord  
  20  2:00  Queen  
  22  2:03  Zergling x2, Drone, Queen  
  26  2:12  Metabolic Boost  
  26  2:14  Zergling x2, Drone  
  28  2:26  Drone x2  
  30  2:37  Drone x2  
  32  2:39  Hatchery  
  31  2:44  Queen  
  31  2:47  Zergling x2  
  34  2:53  Overlord  
  34  3:00  Drone x2  
  36  3:11  Queen  
  36  3:12  Drone x4  
  42  3:15  Overlord  
  42  3:21  Overlord  
  42  3:22  Drone  
  43  3:28  Drone  
  44  3:34  Queen  
  44  3:36  Drone x2  
  48  3:44  Drone x4  
  52  3:49  Queen  
  52  3:52  Drone x2  
  56  4:00  Spore Crawler  
  53  4:03  Drone x5  
  58  4:10  Overlord x2  
  58  4:14  Evolution Chamber  
  57  4:20  Drone x5  
  62  4:24  Overlord  
  62  4:27  Overlord  
  62  4:31  Drone x4  
  66  4:38  Zergling x2  
  66  4:39  Zergling x6  
  69  4:46  Zerg Melee Weapons Level 1  
  69  4:49  Drone, Overlord  
  69  4:50  Drone  
  69  4:51  Hatchery  
  70  4:54  Drone x4  
  70  4:59  Drone x5  
  79  5:03  Lair  
  79  5:04  Drone x3  
  79  5:06  Overlord  
  82  5:12  Extractor x2, Drone  
  82  5:13  Drone, Extractor  
  81  5:15  Spore Crawler  
  81  5:16  Spore Crawler  
  79  5:22  Drone x3  
  79  5:26  Zergling x2  
  79  5:27  Roach Warren  
  79  5:28  Zergling x12  
  88  5:30  Zergling x2  
  88  5:32  Zergling x6  
  88  5:34  Zergling x2  
  93  5:40  Hatchery  
  93  5:41  Zergling x2  
  93  5:42  Zergling x2  
  94  5:47  Zergling x2  
  95  5:51  Queen x2  
  95  5:53  Zergling x4  
  100  6:00  Zergling x12  
  100  6:02  Zergling x6  
  103  6:07  Zergling x8  
  103  6:09  Zergling x2  
  100  6:17  Zergling x2  
  100  6:18  Zergling x4  
  101  6:20  Zergling x2, Glial Reconstitution  
  101  6:22  Hatchery  
  101  6:24  Zergling x2, Baneling Nest  
  99  6:36  Extractor  
  99  6:37  Zergling x20, Extractor  
  107  6:40  Zerg Missile Weapons Level 1  
  107  6:45  Drone x4  
  110  6:50  Drone x3  
  110  6:55  Drone x5  
  110  6:58  Drone x3  
  118  7:01  Overlord x5  
  116  7:10  Centrifugal Hooks  
  116  7:15  Overlord x5  
  116  7:16  Drone  
  116  7:20  Spore Crawler  
  116  7:21  Spore Crawler  
  115  7:28  Drone x4  
  115  7:29  Drone x5  
  126  7:30  Roach  
  126  7:32  Roach  
  130  7:37  Roach x3  
  130  7:40  Roach x2  
  140  7:45  Roach x2  
  140  7:48  Roach x2  
  148  7:51  Roach x3  
  148  7:58  Roach x4  
  162  8:01  Roach x2  
  162  8:02  Ravager  
  162  8:03  Ravager x6  
  162  8:04  Zergling x2  
  174  8:10  Zergling x14  
  181  8:17  Zergling x14  
  181  8:19  Zergling x6  
  191  8:24  Zergling x6  
  191  8:25  Zergling x6  
  197  8:29  Baneling x10  
  197  8:30  Baneling  
  197  8:32  Baneling x6  
  197  8:33  Baneling x2  
  197  8:34  Baneling x2  
  197  8:36  Baneling x5  
  197  8:37  Baneling x2  
  197  8:38  Baneling x3  
  197  8:39  Baneling  
  197  8:43  Zergling x6  
  197  8:46  Zergling x2  
  199  8:54  Zergling x2  
  199  8:55  Zergling x18  
  197  8:59  Zergling x2  
  197  9:00  Zergling x12  
  195  9:05  Zergling x14  
  195  9:09  Zergling x12  
  198  9:14  Zergling x2, Roach x4  
  188  9:22  Roach x6  
Tags
 
Add a new tag
Caveats
  • Supply blocks, unpowered buildings, or Contaminate may cause inaccurate times.
  • Supply counts are checked every 10 seconds.